 Dungeon Crawl Stone Soup version 0.21-a0-72-gbbb65ab (webtiles) character file.

242 wazuzu the Conjurer (level 5, -8/28 HPs)
             Began as a Deep Elf Wizard on June 20, 2017.
             Mangled by Pikel
             ... wielding a +2 whip of electrocution
              (10 damage)
             ... on level 5 of the Dungeon.
             The game lasted 00:09:23 (2894 turns).

wazuzu the Conjurer (Deep Elf Wizard)               Turns: 2894, Time: 00:09:24

Health: -8/28      AC:  3    Str:  4    XL:     5   Next: 81%
Magic:  18/23      EV: 13    Int: 24    God:
Gold:   128        SH:  0    Dex: 10    Spells: 13/14 levels left

rFire    . . .     SeeInvis .   u - +2 mace (drain)
rCold    . . .     Gourm    .   (no shield)
rNeg     . . .     Faith    .   a - +0 robe of the Demon Prince {MR+ Regen+ MP+9 Dex-3}
rPois    .         Spirit   .   b - +0 hat
rElec    .         Reflect  .   (no cloak)
rCorr    .         Harm     .   (no gloves)
MR       +....                  l - +0 pair of boots (curse)
Stlth    ++........             n - amulet of magic regeneration
HPRegen  0.49/turn              t - +1 ring of evasion
MPRegen  0.43/turn              (no ring)

@: no status effects
A: no striking features
a: no special abilities


You were on level 5 of the Dungeon.
You were not hungry.

You visited 1 branch of the dungeon, and saw 5 of its levels.

You collected 150 gold pieces.
You spent 22 gold pieces at shops.

Inventory:

Hand Weapons
 u - a +2 mace of draining (weapon)
Armour
 a - the +0 robe of the Demon Prince (worn) {MR+ Regen+ MP+9 Dex-3}
   (You found it on level 5 of the Dungeon)

   It affects your dexterity (-3).
   It affects your resistance to hostile enchantments.
   It affects your magic capacity (+9).
   It increases your rate of regeneration.
 b - a +0 hat (worn)
 l - a cursed +0 pair of boots (worn)
Jewellery
 n - an amulet of magic regeneration (around neck)
 t - a +1 ring of evasion (left hand)
Scrolls
 i - a scroll of enchant armour {unknown}
 k - 4 scrolls of random uselessness {unknown}
 m - a scroll of enchant weapon {unknown}
 o - a scroll of magic mapping {unknown}
 r - 2 scrolls of immolation {unknown}
 s - 2 scrolls of remove curse {unknown}
 v - a scroll of recharging {unknown}
 w - a scroll of fog {unknown}
Potions
 g - a potion of resistance
 h - 2 potions of curing {unknown}
 q - a potion of brilliance {unknown}
Books
 c - a book of Minor Magic

   Spells                             Type                      Level
   a - Magic Dart                     Conjuration                  1
   b - Blink                          Translocation                2
   c - Call Imp                       Summoning                    2
   d - Slow                           Hexes                        2
   e - Conjure Flame                  Conjuration/Fire             3
   f - Mephitic Cloud                 Conjuration/Poison/Air       3
Comestibles
 d - 3 bread rations
 f - a meat ration


   Skills:
 - Level 2.4 Dodging
 - Level 2.4 Stealth
 - Level 5.4 Spellcasting
 * Level 5.8 Conjurations
   Level 1.1 Summonings
   Level 1.1 Translocations


You had 13 spell levels left.
You knew the following spells:

 Your Spells              Type           Power        Failure   Level  Hunger
a - Magic Dart            Conj           ####         1%          1    None


Dungeon Overview and Level Annotations

Branches:
Dungeon (6/15)
 Temple: D:4-7

Altars:
Dithmenos

Shops:
D:5 (   D:6 *

Annotations:
D:5 Pikel


Message History

Pikel is heavily wounded!
Pikel hits you with a whip of electrocution!
Casting: Magic Dart
Confirm with ! or Enter, or press ? or * to list all spells!
Aiming: Magic Dart
Press: ? - help, Shift-Dir - straight line, f/p - Pikel
Aim: Pikel, wielding a whip of electrocution and wearing a robe (heavily wounded)
The magic dart hits Pikel!
Pikel is severely wounded!
Pikel hits you with a whip of electrocution!!! * * * don't die
* * *
Casting: Magic Dart
Confirm with ! or Enter, or press ? or * to list all spells!
Aiming: Magic Dart
Press: ? - help, Shift-Dir - straight line, f/p - Pikel
Aim: Pikel, wielding a whip of electrocution and wearing a robe (severely wounded)
The magic dart hits Pikel!
Pikel is severely wounded!
Pikel hits you with a whip of electrocution!!! rip

......................##
.......................#
...................(...##
.!......................#
.......................##
.......................#
.......................#
......................##
................@.....#
...............K......#
.............p...)...##
.............p.......#
.!...................#
....................[#
....................##
....................#
....................#


You could see Pikel and 2 slaves.

Vanquished Creatures
  2 slaves (D:5)
  A crimson imp (D:5)
  A centaur skeleton (D:6)
  An orc wizard (D:3)
  An iguana (D:5)
  5 adders
  An ooze (D:2)
  2 worms
  3 leopard geckos
  5 orcs
  5 bats
  5 giant cockroaches
  9 goblins
  5 hobgoblins
  5 kobolds
  11 frilled lizards (D:1)
  A giant cockroach zombie (D:5)
  A jackal zombie (D:5)
  3 rats
67 creatures vanquished.

Notes
Turn   | Place    | Note
-------+----------+-------------------------------------------
     0 | D:1      | wazuzu the Deep Elf Wizard began the quest for the Orb.
     0 | D:1      | Reached XP level 1. HP: 10/10 MP: 7/7
   215 | D:1      | Reached XP level 2. HP: 15/15 MP: 3/9
   713 | D:1      | Reached skill level 5 in Spellcasting
   959 | D:2      | Reached XP level 3. HP: 19/19 MP: 3/11
  1206 | D:2      | Reached XP level 4. HP: 24/24 MP: 8/13
  1635 | D:3      | Found a shadowy altar of Dithmenos.
  2049 | D:3      | You fall through a shaft for 3 floors!
  2049 | D:6      | Found Gygrit's General Store.
  2054 | D:6      | Bought a scroll of identify for 22 gold pieces
  2083 | D:6      | Reached XP level 5. HP: 17/28 MP: 8/14
  2085 | D:6      | Noticed a sky beast
  2085 | D:6      | Reached skill level 5 in Conjurations
  2114 | D:5      | Entered Level 5 of the Dungeon
  2406 | D:5      | Got an ancient robe
  2417 | D:5      | Identified the +1 robe "Duaco" {*Contam MP+9 Int+2} (You found it on level 5 of the Dungeon)
  2421 | D:5      | Noticed a centaur
  2443 | D:5      | Got a shimmering robe
  2469 | D:5      | Identified the +0 robe of the Demon Prince {MR+ Regen+ MP+9 Dex-3} (You found it on level 5 of the Dungeon)
  2644 | D:5      | Found Nintocyr's Weapon Boutique.
  2701 | D:5      | Noticed a slave
  2701 | D:5      | Noticed a slave
  2702 | D:5      | Noticed Pikel
  2735 | D:5      | Killed a slave
  2744 | D:5      | Killed a slave
  2891 | D:5      | Noticed a slave
  2891 | D:5      | Noticed a slave
  2893 | D:5      | HP: 1/28 [Pikel/whip of electrocution (9)]
  2894 | D:5      | Mangled by Pikel

Vault maps used:
D:1:      minmay_arrival_cross, minmay_lizard_king
D:3:      nicolae_dithmenos_shadow_blocks, first_bread
D:5:      serial_shops, nicolae_shop_stone, minmay_misc_feat_plants, uniq_pikel
D:6:      serial_shops, kennysheep_mini_moat, shop, shop, nicolae_shop_stone

Skill      XL: |  1  2  3  4  5 |
---------------+----------------+-----
Conjurations   | 2 3 4 5 |  5.8
Spellcasting   | 5 |  5.4
Dodging        | |  2.4
Stealth        | |  2.4
Summonings     | |  1.1
Translocations | |  1.1

Action                   |  1- 3 |  4- 6 || total
-------------------------+-------+-------++-------
Melee: Mace              |       |    14 ||    14
 Cast: Magic Dart        |    72 |   130 ||   202
  Use: Scroll            |       |     5 ||     5
       Potion            |       |     2 ||     2
  Eat: Chunk             |     1 |     1 ||     2
       Bread ration      |       |     1 ||     1
Armor: Robe              |     1 |     4 ||     5
       Skin              |       |    35 ||    35
Dodge: Dodged            |     8 |    31 ||    39
